 Dungeon Sprint DCSS version 0.19.3 (webtiles) character file.

363649 Groucho the Acrobat (level 16, 53/88 HPs)
             Began as a Felid Berserker on Jan 21, 2017.
             Was the Champion of Trog.
             Escaped with the Orb!
             The game lasted 00:49:36 (11350 turns).

Groucho the Acrobat (Felid Berserker)              Turns: 11350, Time: 00:49:37

Health: 53/88      AC:  7    Str: 19      XL:     16   Next: 5%
Magic:  26/38      EV: 40    Int:  7 (8)  God:    Trog [******]
Gold:   1647       SH:  0    Dex: 22      Spells: 0 memorised, 50 levels left
                                        Lives:  2   Deaths: 1

rFire  + . .     SeeInvis +       - Unarmed
rCold  + . .     Gourm    .     (armour unavailable)
rNeg   + . .     Faith    .     (shield unavailable)
rPois  +         Spirit   +     (helmet unavailable)
rElec  +         Reflect  .     (cloak unavailable)
rCorr  .         Harm     .     (gloves unavailable)
MR     ++...     NoTele   +     (boots unavailable)
Stlth  +++.......               h - amulet of guardian spirit
                                d - ring "Cagit" {+Blink +Fly rPois rN+ Dex-2}
                                s - +5 ring of strength

@: flying, very slightly contaminated, hasted, very quick
A: no armour, no weapons or thrown items, stealth, claws 1, fangs 3, thin
metallic scales 1, yellow scales 1, see invisible, agile 1, carnivore 3,
deterioration 2, fire resistance 1, speed 1, shaggy fur 3, electricity
resistance, slow regeneration 1, slow metabolism 1, wild magic 1, sharp paws
a: Berserk, Trog's Hand, Brothers in Arms, Burn Spellbooks, Renounce Religion,
Evoke Blink, Stop Flying
0: Orb of Zot


You escaped.
You worshipped Trog.
Trog was exalted by your worship.
You were full.

You visited 1 branch You collected 6500 gold pieces.
You spent 4853 gold pieces at shops.

Inventory:

Jewellery
 c - an uncursed amulet of faith
 d - the ring "Cagit" (right paw) {+Blink +Fly rPois rN+ Dex-2}
   (You acquired it in the Dungeon)

   [ring of positive energy]

   It affects your dexterity (-2).
   It protects you from poison.
   It protects you from negative energy.
   It lets you fly.
   It lets you blink.
 h - an amulet of guardian spirit (around neck)
 i - an uncursed ring of positive energy
 q - a cursed ring of protection from cold
 s - a +5 ring of strength (left paw)
 u - an uncursed ring of poison resistance
 x - an uncursed ring of protection from fire
 y - an uncursed ring of protection from fire
 C - the ring "Zamueh" {MP+9 Str+3}
   (You acquired it in the Dungeon)

   [ring of magical power]

   It affects your strength (+3).
   It affects your magic capacity (+9).
 D - the ring of Midsummer {rN+ MR+ MP+9 Str-4 Int+7}
   (You acquired it in the Dungeon)

   [ring of magical power]

   It affects your strength (-4).
   It affects your intelligence (+7).
   It protects you from negative energy.
   It affects your resistance to hostile enchantments.
   It affects your magic capacity (+9).
Wands
 n - a wand of disintegration (19/24)
Scrolls
 b - a scroll of identify
 j - a scroll of recharging
 m - 7 scrolls of remove curse
 o - a scroll of fear {unknown}
Potions
 e - 33 potions of magic
 f - a potion of berserk rage
 k - a potion of haste
 l - 2 potions of cure mutation
 p - a potion of heal wounds
 r - 3 potions of might
 t - a potion of cancellation
 w - 3 potions of curing
 z - 9 potions of flight


   Skills:
 * Level 19.7 Fighting
 * Level 24.3 Dodging
 - Level 22.7 Stealth
 * Level 20.0 Unarmed Combat
 * Level 17.6 Spellcasting


You had 50 spell levels left.
You didn't know any spells.

Dungeon Overview and Level Annotations

Branches:
Dungeon (1/1)

Altars:
Cheibriados
Dithmenos
Elyvilon
Fedhas
Gozag
Hepliaklqana
Kikubaaqudgha
Makhleb
Nemelex Xobeh
Okawaru
Qazlal
Ru
Sif Muna
Trog
Uskayaw
Vehumet
Xom
Yredelemnul
Zin
The Shining One
Beogh
Jiyva
Lugonu

Shops:
D ?::*([!%%[*:*:[(!(:(=!**%=*!:}[*=:[*


Innate Abilities, Weirdness & Mutations

You cannot wear armour.
You are incapable of wielding weapons or throwing items.
Your paws allow you to move quietly. (Stealth)
You have sharp claws.
You have razor-sharp teeth.
You have supernaturally acute eyesight. (SInv)
You are carnivorous and can eat meat at any time.
You cover ground quickly.
Your thick and shaggy fur keeps you warm. (AC +3, rC+)
You have a slow metabolism.
Your sharp claws are effective at attacking unaware monsters.
You are partially covered in thin metallic scales. (AC +2)
You are partially covered in yellow scales. (AC +2)
You are agile. (Dex +2)
Your body often deteriorates upon taking damage.
Your flesh is heat resistant. (rF+)
You are resistant to electric shocks. (rElec)
You regenerate slowly when monsters are visible.
Your spells are a little harder to cast, but a little more powerful.


Message History

The angel hits you with a sacred scourge of holy wrath!
There is an open door, spattered with blood here.
Unknown command.
The seraph gestures.
The daeva calls down the wrath of the Shining One upon you.
The Shining One smites you!
The seraph gestures.
The seraph begins to accept its allies' injuries.
You feel yourself speed up. The angel misses you. The angel closely misses you.
The daeva calls down the wrath of the Shining One upon you.
The Shining One smites you!
The seraph shouts a warning to its allies!
Really fly into a travel-excluded area?
A hellwing, a soul eater, a pandemonium lord and a tentacled monstrosity come into view.
A crimson imp comes into view.
The crimson imp shouts!
The hellwing gives a chilling moan.
There is an open door here.
There is a staircase leading out of the dungeon here.
You have escaped!

##########≈≈#'§§#'§§#####....#.##
###.#####≈≈≈≈≈.≈.≈≈§.#(.'....#..#
.....∩.∩#≈≈≈≈.##'##≈.#..####.#..#
....∩.∩?#≈≈≈≈#....#.≈####..+.##.#
...∩.∩..#≈≈≈≈#..#.......#..#..5##
..∩)∩...#≈≈####...#.....#####..##
.⌠.∩.....≈##.###'.#..#...#..'..#.
..∩.∩.)..≈...........A#..#..#..#.
...∩.∩..'≈(...'.@.'..#'A.####..##
....∩.∩.#≈##..##.##..##....###...
▓▓▓▓▓▓###≈##.##.'###.##....X.≈≈≈A
()[######≈≈###....##.#≈≈.....≈#'#
...#..'.##≈≈≈...#).#≈≈≈≈≈≈≈..§#&4
∩.(÷..#'##'#≈##...##≈≈§≈≈≈≈≈.§#..
(..#[##.##(#≈≈##+##≈≈≈§≈§≈§≈≈≈#..
(÷÷###§.§###*≈≈≈≈≈≈≈≈≈≈§§§§§≈≈#..
#'###.....#,*+++#+++#§§§§≈§≈≈≈#._


You could see an angel.

Vanquished Creatures
  the Lernaean hydra (D)
  2 golden dragons (D)
  A bone dragon (D)
  A hellephant (D)
  An electric golem (D)
  A deep elf master archer (D)
  A deep elf blademaster (D)
  Murray (D)
  3 quicksilver dragons (D)
  A kraken (D)
  2 sphinxes (D)
  Gastronok (D)
  2 storm dragons (D)
  Kirke (D)
  Roxanne (D)
  A cacodemon (D)
  Nessos (D)
  A dire elephant (D)
  3 lorocyprocas (D)
  A crystal guardian (D)
  A yaktaur captain (D)
  A deep elf high priest (D)
  A great orb of eyes (D)
  An ice dragon (D)
  A centaur warrior (D)
  A hell hog (D)
  A death yak (D)
  3 sixfirhies (D)
  A skeletal warrior (D)
  An iron golem (D)
  A deep troll (D)
  2 death drakes (D)
  2 unseen horrors (D)
  A glowing orange brain (D)
  A harpy (D)
  2 slime creatures (D)
  4 shining eyes (D)
  An elephant (D)
  3 toenail golems (D)
  A siren (D)
  An eye of devastation (D)
  An orange demon (D)
  A kobold demonologist (D)
  A yaktaur (D)
  5 polar bears (D)
  A hornet (D)
  3 hippogriffs (D)
  6 flying skulls (D)
  2 redbacks (D)
  2 wyverns (D)
  3 yaks (D)
  A chaos spawn (D)
  4 neqoxecs (D)
  2 floating eyes (D)
  3 soldier ants (D)
  2 swamp drakes (D)
  4 necrophages (D)
  4 crocodiles (D)
  2 earth elementals (D)
  4 electric eels (D)
  4 lava snakes (D)
  4 orc priests (D)
  A jelly (D)
  An iron imp (D)
  4 worker ants (D)
  A hell rat (D)
  A spectral adder (D)
  A spectral quokka (D)
126 creatures vanquished.

Vanquished Creatures (collateral kills)
  Nikola (D)
  A frost giant (D)
  A draconian shifter (D)
  An iron elemental (D)
  A hell hog (D)
  Sonja (D)
  An obsidian statue (D)
  A deep troll (D)
  An oklob plant (D)
  3 orc sorcerers (D)
  11 shining eyes (D)
  3 manticores (D)
  8 floating eyes (D)
  3 black bears (D)
  A necrophage (D)
  5 electric eels (D)
43 creatures vanquished.

Vanquished Creatures (others)
  Menkaure (D)
  A crocodile (D)
  2 ballistomycete spores (D)
4 creatures vanquished.

Grand Total: 173 creatures vanquished

Notes
Turn   | Place    | Note
-------+----------+-------------------------------------------
     0 | D        | Groucho the Felid Berserker began the quest for the Orb.
     0 | D        | Reached XP level 1. HP: 10/10 MP: 2/2
     1 | D        | Noticed a necrophage
     1 | D        | Noticed a necrophage
     1 | D        | Noticed a necrophage
     1 | D        | Noticed a necrophage
     6 | D        | Killed a necrophage
     6 | D        | Reached XP level 2. HP: 14/14 MP: 3/3
     6 | D        | Reached XP level 3. HP: 17/17 MP: 4/4
     6 | D        | Reached XP level 4. HP: 21/21 MP: 5/5
    10 | D        | Killed a necrophage
    10 | D        | Reached XP level 5. HP: 24/24 MP: 6/6
    20 | D        | Killed a necrophage
    20 | D        | Reached ** piety under Trog
    20 | D        | Gained mutation: You are covered in thick fur. (AC +2) [Felid growth]
    20 | D        | Reached XP level 6. HP: 25/28 MP: 7/7
    34 | D        | Killed Menkaure
   417 | D        | Noticed a siren
   434 | D        | Noticed a neqoxec
   434 | D        | Noticed a neqoxec
   434 | D        | Noticed a neqoxec
   434 | D        | Noticed a neqoxec
   445 | D        | Reached *** piety under Trog
   459 | D        | Killed a siren
   459 | D        | Reached skill level 6 in Dodging
   459 | D        | Reached XP level 7. HP: 33/33 MP: 8/8
   483 | D        | Killed a neqoxec
   483 | D        | Reached **** piety under Trog
   483 | D        | Reached skill level 5 in Fighting
   486 | D        | Gained mutation: You are weak. (Str -2) [a neqoxec]
   487 | D        | Gained mutation: You are dopey. (Int -2) [a neqoxec]
   491 | D        | Killed a neqoxec
   491 | D        | Reached skill level 7 in Dodging
   491 | D        | Reached XP level 8. HP: 24/37 MP: 9/9
   495 | D        | Gained mutation: You are frail. (-10% HP) [a neqoxec]
   651 | D        | Found Ubristeump's Book Emporium.
   651 | D        | Found Asiulang's General Store.
   651 | D        | Found Hamoqon's Distillery.
   651 | D        | Found Cueps's Jewellery Shoppe.
   651 | D        | Found Huut's General Store.
   651 | D        | Found Quxyd's Weapon Emporium.
   652 | D        | Found Bamoprox's Antique Armour Shoppe.
   652 | D        | Found Orphaffa's Book Emporium.
   652 | D        | Found Bouf's Magic Scroll Shoppe.
   652 | D        | Found Mowkoaca's Gadget Shoppe.
   652 | D        | Found Woaxuosu's Jewellery Emporium.
   653 | D        | Found Qoom's Antique Armour Shoppe.
   653 | D        | Found Muwket's Distillery.
   653 | D        | Found Aschoicu's Antique Weapon Emporium.
   653 | D        | Found Xonte's Food Emporium.
   653 | D        | Noticed an iron elemental
   656 | D        | Noticed an oklob plant
   657 | D        | Found Fidi's Book Shoppe.
   683 | D        | Bought an uncursed amulet of guardian spirit for 420 gold pieces
  1053 | D        | Noticed a manticore
  1066 | D        | Bought a potion of flight for 42 gold pieces
  1097 | D        | Found a blossoming altar of Fedhas.
  1098 | D        | Found a white marble altar of Elyvilon.
  1099 | D        | Found a shadowy altar of Dithmenos.
  1099 | D        | Found a corrupted altar of Lugonu.
  1099 | D        | Found an opulent altar of Gozag.
  1099 | D        | Found a burning altar of Makhleb.
  1100 | D        | Found a snail-covered altar of Cheibriados.
  1100 | D        | Found an ancient bone altar of Kikubaaqudgha.
  1100 | D        | Found a bloodstained altar of Trog.
  1102 | D        | Found a roughly hewn altar of Beogh.
  1102 | D        | Found a viscous altar of Jiyva.
  1102 | D        | Found a deep blue altar of Sif Muna.
  1103 | D        | Found a hazy altar of Hepliaklqana.
  1103 | D        | Found a sacrificial altar of Ru.
  1104 | D        | Found a stormy altar of Qazlal.
  1104 | D        | Found a shimmering altar of Xom.
  1105 | D        | Noticed a yaktaur
  1105 | D        | Noticed a hornet
  1105 | D        | Noticed a polar bear
  1106 | D        | Noticed a polar bear
  1106 | D        | Noticed a polar bear
  1107 | D        | Killed a polar bear
  1107 | D        | Reached skill level 8 in Dodging
  1107 | D        | Reached skill level 1 in Spellcasting
  1119 | D        | HP: 1/52 [polar bear (7)]
  1119 | D        | Slain by a polar bear
  1120 | D        | Reached XP level 7. HP: -2/46 MP: 0/10
  1120 | D        | Found a basalt altar of Yredelemnul.
  1120 | D        | Found a hide-covered altar of Uskayaw.
  1120 | D        | Found a sparkling altar of Nemelex Xobeh.
  1120 | D        | Found a glowing silver altar of Zin.
  1120 | D        | Found a radiant altar of Vehumet.
  1120 | D        | Found a glowing golden altar of the Shining One.
  1120 | D        | Found an iron altar of Okawaru.
  1147 | D        | Killed a polar bear
  1150 | D        | Killed a polar bear
  1150 | D        | Reached ***** piety under Trog
  1150 | D        | Reached skill level 9 in Dodging
  1150 | D        | Reached XP level 8. HP: 36/36 MP: 10/13
  1156 | D        | Killed a hornet
  1160 | D        | Killed a yaktaur
  1756 | D        | Noticed a death drake
  1756 | D        | Noticed a crystal guardian
  1756 | D        | Noticed a death drake
  1757 | D        | Reached skill level 10 in Dodging
  1760 | D        | Killed a crystal guardian
  1760 | D        | Reached skill level 11 in Dodging
  1760 | D        | Reached skill level 10 in Unarmed Combat
  1760 | D        | Reached skill level 5 in Spellcasting
  1760 | D        | Reached XP level 9. HP: 40/40 MP: 15/18
  1761 | D        | Killed a death drake
  1763 | D        | Killed a death drake
  1775 | D        | Noticed a shining eye
  1775 | D        | Noticed a shining eye
  1775 | D        | Noticed a shining eye
  1777 | D        | Killed a shining eye
  1777 | D        | Reached skill level 12 in Dodging
  1777 | D        | Reached XP level 10. HP: 44/44 MP: 17/20
  1778 | D        | Killed a shining eye
  1780 | D        | Killed a shining eye
  1984 | D        | Noticed a hell hog
  1985 | D        | Noticed a hell hog
  1986 | D        | Killed a hell hog
  1986 | D        | Reached skill level 10 in Fighting
  1996 | D        | Killed a hell hog
  2212 | D        | Noticed a deep elf master archer
  2222 | D        | Killed a deep elf master archer
  2222 | D        | Reached skill level 13 in Dodging
  2443 | D        | Noticed a great orb of eyes
  2450 | D        | Killed a great orb of eyes
  2450 | D        | Reached XP level 11. HP: 49/49 MP: 24/24
  2518 | D        | Noticed an ice dragon
  2536 | D        | Reached skill level 14 in Dodging
  2574 | D        | Killed an ice dragon
  2583 | D        | Reached ****** piety under Trog
  3239 | D        | Noticed a kraken
  3246 | D        | Killed a kraken
  3246 | D        | Reached skill level 15 in Dodging
  3246 | D        | Reached skill level 10 in Spellcasting
  3510 | D        | Bought a scroll of amnesia for 42 gold pieces
  3510 | D        | Bought a scroll of identify for 24 gold pieces
  3510 | D        | Bought a scroll of remove curse for 36 gold pieces
  3510 | D        | Bought a scroll of identify for 24 gold pieces
  3510 | D        | Bought a scroll of magic mapping for 42 gold pieces
  3510 | D        | Bought a scroll of enchant weapon for 90 gold pieces
  3529 | D        | Bought a cursed ring of protection from cold for 242 gold pieces
  3529 | D        | Bought a +5 ring of strength for 453 gold pieces
  3548 | D        | Bought a potion of cure mutation for 250 gold pieces
  3548 | D        | Lost mutation: You are dopey. (Int -2) [potion of cure mutation]
  3548 | D        | Lost mutation: You are frail. (-10% HP) [potion of cure mutation]
  3548 | D        | Lost mutation: You are weak. (Str -2) [potion of cure mutation]
  3979 | D        | Noticed Roxanne
  3991 | D        | Noticed an orange crystal statue
  4065 | D        | Noticed a deep troll
  4066 | D        | Noticed a deep troll
  4072 | D        | Killed a deep troll
  4073 | D        | Killed a deep troll
  4318 | D        | Noticed a sphinx
  4319 | D        | Noticed a sphinx
  4321 | D        | Killed a sphinx
  4321 | D        | Reached skill level 16 in Dodging
  4322 | D        | Killed a sphinx
  4322 | D        | Gained mutation: Your thick and shaggy fur keeps you warm. (AC +3, rC+) [Felid growth]
  4322 | D        | Reached XP level 12. HP: 63/63 MP: 26/28
  4424 | D        | Killed Roxanne
  4445 | D        | Identified Roxanne's Tome of the Mountains (You took it off Roxanne in the Dungeon)
  4519 | D        | Noticed a golden dragon
  4531 | D        | Killed a golden dragon
  4531 | D        | Reached skill level 17 in Dodging
  4679 | D        | Found Ucuat's General Store.
  4679 | D        | Found Zietras's Antique Armour Shop.
  4679 | D        | Found Xuebeff's Jewellery Emporium.
  4679 | D        | Found Vetz's Antique Armour Boutique.
  4679 | D        | Noticed a storm dragon
  4682 | D        | Killed a storm dragon
  4682 | D        | Reached skill level 15 in Unarmed Combat
  4689 | D        | Bought an uncursed ring of poison resistance for 280 gold pieces
  4689 | D        | Bought an uncursed ring of flight for 245 gold pieces
  4743 | D        | Noticed Sonja
  4743 | D        | Noticed a hellephant
  4743 | D        | Noticed a green draconian shifter
  4828 | D        | Killed a green draconian shifter
  4828 | D        | Reached skill level 18 in Dodging
  4829 | D        | Killed Sonja
  4831 | D        | Killed a hellephant
  5164 | D        | Noticed a deep elf blademaster
  5167 | D        | Killed a deep elf blademaster
  5167 | D        | Reached skill level 15 in Fighting
  5167 | D        | Reached XP level 13. HP: 66/69 MP: 26/31
  5673 | D        | Reached skill level 19 in Dodging
  5971 | D        | Bought an uncursed ring of protection from fire for 350 gold pieces
  5971 | D        | Bought an uncursed ring of protection from fire for 350 gold pieces
  6133 | D        | Noticed a dire elephant
  6144 | D        | Killed a dire elephant
  6370 | D        | Got a slimy silver amulet
  6417 | D        | Noticed Gastronok
  6419 | D        | Killed Gastronok
  6490 | D        | Found Pumu's Book Shoppe.
  6491 | D        | Found Cocru's Assorted Antiques.
  6514 | D        | Found Koxt's Distillery.
  6515 | D        | Found Baroynuwk's Assorted Antiques.
  6525 | D        | Noticed Nessos
  6532 | D        | Killed Nessos
  6610 | D        | Upgraded the game from 0.19.1-28-ge1247f7 to 0.19.3
  7280 | D        | Gained mutation: You are dopey. (Int -2) [a shining eye]
  7280 | D        | Gained mutation: You tend to lose your temper in combat. [a shining eye]
  7281 | D        | Gained mutation: You regenerate slowly when monsters are visible. [a shining eye]
  7282 | D        | Paralysed by a floating eye for 4 turns
  7283 | D        | Reached skill level 20 in Dodging
  7286 | D        | Gained mutation: You are frail. (-10% HP) [a shining eye]
  7289 | D        | Paralysed by a floating eye for 4 turns
  7291 | D        | Gained mutation: You are very frail. (-20% HP) [a shining eye]
  7292 | D        | Gained mutation: You have a pair of small horns on your head. [a shining eye]
  7293 | D        | Gained mutation: You are weak. (Str -2) [a shining eye]
  7297 | D        | Paralysed by a floating eye for 4 turns
  7298 | D        | Gained mutation: You expend magic power (3 MP) to strengthen your wands. [a shining eye]
  7299 | D        | Gained mutation: You are extremely frail. (-30% HP) [a shining eye]
  7302 | D        | Gained mutation: You often lose your temper in combat. [a shining eye]
  7323 | D        | Lost mutation: You are weak. (Str -2) [potion of mutation]
  7324 | D        | Lost mutation: You are dopey. (Int -2) [potion of mutation]
  7324 | D        | Lost mutation: You are extremely frail. (-30% HP) [potion of mutation]
  7325 | D        | Gained mutation: You are weak. (Str -2) [potion of mutation]
  7325 | D        | Lost mutation: You expend magic power (3 MP) to strengthen your wands. [potion of mutation]
  7325 | D        | Gained mutation: You are extremely frail. (-30% HP) [potion of mutation]
  7326 | D        | Lost mutation: You are extremely frail. (-30% HP) [potion of mutation]
  7326 | D        | Lost mutation: You are very frail. (-20% HP) [potion of mutation]
  7326 | D        | Gained mutation: You are very frail. (-20% HP) [potion of mutation]
  7327 | D        | Lost mutation: You often lose your temper in combat. [potion of mutation]
  7327 | D        | Lost mutation: You are weak. (Str -2) [potion of mutation]
  7328 | D        | Gained mutation: Your body sometimes deteriorates upon taking damage. [potion of mutation]
  7328 | D        | Gained mutation: You are partially covered in molten scales. (AC +2) [potion of mutation]
  7329 | D        | Gained mutation: You are clumsy. (Dex -2) [potion of mutation]
  7329 | D        | Lost mutation: You are very frail. (-20% HP) [potion of mutation]
  7330 | D        | Gained mutation: You are very frail. (-20% HP) [potion of mutation]
  7330 | D        | Gained mutation: You have a pair of horns on your head. [potion of mutation]
  7331 | D        | Gained mutation: You can translocate small distances at will. [potion of mutation]
  7331 | D        | Lost mutation: You tend to lose your temper in combat. [potion of mutation]
  7331 | D        | Gained mutation: You expend magic power (3 MP) to strengthen your wands. [potion of mutation]
  7332 | D        | Lost mutation: You can translocate small distances at will. [potion of mutation]
  7332 | D        | Lost mutation: You are very frail. (-20% HP) [potion of mutation]
  7333 | D        | Gained mutation: You are dopey. (Int -2) [potion of mutation]
  7335 | D        | Lost mutation: Your body sometimes deteriorates upon taking damage. [potion of mutation]
  7335 | D        | Lost mutation: You are dopey. (Int -2) [potion of mutation]
  7336 | D        | Lost mutation: You regenerate slowly when monsters are visible. [potion of mutation]
  7336 | D        | Gained mutation: You are resistant to electric shocks. (rElec) [potion of mutation]
  7336 | D        | Gained mutation: You have a pair of large horns on your head. [potion of mutation]
  7337 | D        | Lost mutation: You have a pair of large horns on your head. [potion of mutation]
  7337 | D        | Gained mutation: You possess an exceptional clarity of mind. [potion of mutation]
  7338 | D        | Gained mutation: You are partially covered in rugged brown scales. (AC +1, +3% HP) [potion of mutation]
  7339 | D        | Gained mutation: You can translocate small distances at will. [potion of mutation]
  7339 | D        | Gained mutation: Your spells are a little harder to cast, but a little more powerful. [potion of mutation]
  7341 | D        | Gained mutation: Your mind is acute. (Int +2) [potion of mutation]
  7342 | D        | Gained mutation: Your muscles are strong. (Str +2) [potion of mutation]
  7343 | D        | Lost mutation: You are clumsy. (Dex -2) [potion of mutation]
  7343 | D        | Gained mutation: Your spells are harder to cast, but more powerful. [potion of mutation]
  7345 | D        | Lost mutation: You are partially covered in rugged brown scales. (AC +1, +3% HP) [potion of mutation]
  7346 | D        | Lost mutation: You have a pair of horns on your head. [potion of mutation]
  7347 | D        | Lost mutation: You expend magic power (3 MP) to strengthen your wands. [potion of mutation]
  7349 | D        | Gained mutation: You evolve. [potion of mutation]
  7349 | D        | Lost mutation: You are frail. (-10% HP) [potion of mutation]
  7350 | D        | Gained mutation: Your body sometimes deteriorates upon taking damage. [potion of mutation]
  7462 | D        | Noticed an electric golem
  7530 | D        | Killed an electric golem
  7565 | D        | Bought a potion of mutation for 25 gold pieces
  7565 | D        | Bought a potion of heal wounds for 50 gold pieces
  7565 | D        | Bought 2 potions of mutation for 50 gold pieces
  7565 | D        | Bought a potion of mutation for 25 gold pieces
  7565 | D        | Bought a potion of might for 40 gold pieces
  7565 | D        | Bought a potion of cancellation for 80 gold pieces
  7565 | D        | Bought a potion of curing for 30 gold pieces
  7565 | D        | Bought a potion of curing for 30 gold pieces
  7567 | D        | Bought a potion of might for 56 gold pieces
  7567 | D        | Bought a potion of mutation for 35 gold pieces
  7567 | D        | Bought a potion of heal wounds for 70 gold pieces
  7567 | D        | Bought 2 potions of resistance for 280 gold pieces
  7567 | D        | Bought a potion of haste for 140 gold pieces
  7567 | D        | Bought a potion of mutation for 35 gold pieces
  7957 | D        | Gained mutation: You expend magic power (3 MP) to strengthen your wands. [potion of mutation]
  7958 | D        | Lost mutation: You possess an exceptional clarity of mind. [potion of mutation]
  7958 | D        | Gained mutation: Your spells are much harder to cast, but much more powerful. [potion of mutation]
  7959 | D        | Lost mutation: Your muscles are strong. (Str +2) [potion of mutation]
  7959 | D        | Gained mutation: You occasionally shout uncontrollably at your foes. [potion of mutation]
  7959 | D        | Lost mutation: You have a pair of small horns on your head. [potion of mutation]
  7960 | D        | Lost mutation: Your spells are much harder to cast, but much more powerful. [potion of mutation]
  7960 | D        | Gained mutation: Your flesh is heat resistant. (rF+) [potion of mutation]
  7961 | D        | Gained mutation: You are resistant to hostile enchantments. (MR+) [potion of mutation]
  7962 | D        | Gained mutation: You have a somewhat thin skeletal structure. (Dex +2, Stealth) [potion of mutation]
  7962 | D        | Gained mutation: You regenerate slowly when monsters are visible. [potion of mutation]
  7965 | D        | Noticed Kirke
  7971 | D        | Noticed a bone dragon
  7977 | D        | Killed Kirke
  7977 | D        | Reached skill level 21 in Dodging
  7978 | D        | Noticed a golden dragon
  7980 | D        | Noticed a storm dragon
  7983 | D        | Noticed a cacodemon
  7990 | D        | Noticed a frost giant
  7999 | D        | Killed a bone dragon
  7999 | D        | Reached skill level 15 in Spellcasting
  8003 | D        | Reached XP level 14. HP: 49/76 MP: 20/34
  8017 | D        | Killed a storm dragon
  8021 | D        | Lost mutation: You can translocate small distances at will. [a cacodemon]
  8022 | D        | Lost mutation: Your mind is acute. (Int +2) [a cacodemon]
  8024 | D        | Gained mutation: You are weak. (Str -2) [a cacodemon]
  8042 | D        | Gained mutation: Your body often deteriorates upon taking damage. [a cacodemon]
  8045 | D        | Gained mutation: You do not regenerate when monsters are visible. [a cacodemon]
  8058 | D        | Bought a meat ration for 55 gold pieces
  8081 | D        | Killed a cacodemon
  8154 | D        | Killed a golden dragon
  8154 | D        | Reached skill level 22 in Dodging
  8161 | D        | Killed a frost giant
  8224 | D        | Bought a wand of disintegration (11/24) for 150 gold pieces
  8543 | D        | Lost mutation: You are resistant to hostile enchantments. (MR+) [potion of cure mutation]
  8543 | D        | Lost mutation: Your spells are harder to cast, but more powerful. [potion of cure mutation]
  8543 | D        | Lost mutation: You occasionally shout uncontrollably at your foes. [potion of cure mutation]
  8543 | D        | Lost mutation: You expend magic power (3 MP) to strengthen your wands. [potion of cure mutation]
  8543 | D        | Lost mutation: You have a somewhat thin skeletal structure. (Dex +2, Stealth) [potion of cure mutation]
  8544 | D        | Lost mutation: Your body often deteriorates upon taking damage. [potion of cure mutation]
  8544 | D        | Lost mutation: You are weak. (Str -2) [potion of cure mutation]
  8544 | D        | Lost mutation: You evolve. [potion of cure mutation]
  8544 | D        | Lost mutation: Your body sometimes deteriorates upon taking damage. [potion of cure mutation]
  8544 | D        | Lost mutation: You are partially covered in molten scales. (AC +2) [potion of cure mutation]
  8776 | D        | Found Ziyngif's Magic Scroll Emporium.
  8776 | D        | Found Cikkamp's Assorted Antiques.
  8776 | D        | Found Duihin Uzunn's Book Shop.
  8776 | D        | Found Melavit's Antique Weapon Shoppe.
  8776 | D        | Found Gygrit's Food Boutique.
  8777 | D        | Found Ceus's Distillery.
  8777 | D        | Found Woyvoiwk's Book Boutique.
  8777 | D        | Found Kink's Antique Weapon Emporium.
  8777 | D        | Found Adutzor's Assorted Antiques.
  8777 | D        | Found Wier's Assorted Antiques.
  8777 | D        | Found Ibaewipn's Book Shop.
  8777 | D        | Found Zarais's Food Shoppe.
  8789 | D        | Bought a potion of beneficial mutation for 350 gold pieces
  8791 | D        | Identified 4 scrolls of acquirement
  8797 | D        | Bought 2 potions of mutation for 145 gold pieces
  8797 | D        | Lost mutation: You do not regenerate when monsters are visible. [potion of mutation]
  8797 | D        | Gained mutation: Your body sometimes deteriorates upon taking damage. [potion of mutation]
  8798 | D        | Gained mutation: You are partially covered in yellow scales. (AC +2) [potion of mutation]
  8798 | D        | Gained mutation: You are agile. (Dex +2) [potion of mutation]
  8798 | D        | Gained mutation: Your body often deteriorates upon taking damage. [potion of mutation]
  8799 | D        | Gained mutation: You are partially covered in thin metallic scales. (AC +2) [potion of beneficial mutation]
  8812 | D        | Got a slimy glass ring
  8817 | D        | Got a fine amber ring
  8817 | D        | Got a scintillating marble ring
  8824 | D        | Identified the ring of Kecwaud {Ice Str-4 Dex+4} (You acquired it in the Dungeon)
  8825 | D        | Identified the amulet of the Thistle {Inacc rPois Str-2 Dex+3} (You found it in the Dungeon)
  8827 | D        | Identified the ring "Zamueh" {MP+9 Str+3} (You acquired it in the Dungeon)
  8828 | D        | Identified the ring of Midsummer {rN+ MR+ MP+9 Str-4 Int+7} (You acquired it in the Dungeon)
  9441 | D        | Found Oseiben's Antique Armour Shoppe.
  9463 | D        | Got a sparkling jade ring
  9467 | D        | Noticed the 27-headed Lernaean hydra
  9469 | D        | Killed the 27-headed Lernaean hydra
  9473 | D        | Reached skill level 23 in Dodging
  9477 | D        | Noticed Nikola
  9488 | D        | Killed Nikola
  9758 | D        | Bought a scroll of identify for 24 gold pieces
  9759 | D        | Bought a scroll of identify for 28 gold pieces
  9759 | D        | Bought a potion of mutation for 35 gold pieces
  9759 | D        | Bought a scroll of identify for 28 gold pieces
  9766 | D        | Bought a scroll of identify for 22 gold pieces
  9767 | D        | Identified the ring "Cagit" {+Blink +Fly rPois rN+ Dex-2} (You acquired it in the Dungeon)
  9815 | D        | Bought a potion of haste for 100 gold pieces
  9815 | D        | Bought a potion of might for 40 gold pieces
  9815 | D        | Bought a potion of might for 40 gold pieces
 10600 | D        | Noticed a quicksilver dragon
 10608 | D        | Noticed a quicksilver dragon
 10608 | D        | Noticed a quicksilver dragon
 10609 | D        | Killed a quicksilver dragon
 10612 | D        | Killed a quicksilver dragon
 10615 | D        | Killed a quicksilver dragon
 10615 | D        | Reached skill level 24 in Dodging
 11016 | D        | Noticed Murray
 11029 | D        | Killed Murray
 11029 | D        | Reached XP level 15. HP: 79/84 MP: 23/37
 11228 | D        | Reached XP level 16. HP: 88/88 MP: 38/38
 11229 | D        | Got the Orb of Zot
 11317 | D        | Noticed a seraph
 11333 | D        | Noticed Qorunebe the pandemonium lord
 11333 | D        | Noticed a tentacled monstrosity
 11350 | D        | Escaped with the Orb!

Skill      XL: |  1  2  3  4  5  6  7  8  9 10 11 12 13 14 |
---------------+-------------------------------------------+-----
Stealth        | 11 14 16 19 20 21 22 | 22.7
Fighting       | 4 7 8 9 11 13 15 17 19 | 19.7
Dodging        | 6 9 11 12 13 16 18 21 24 | 24.3
Unarmed Combat | 6 7 10 12 14 15 17 20 | 20.0
Spellcasting   | 3 5 6 8 11 13 15 17 | 17.6

Action                   |  1- 3 |  4- 6 |  7- 9 | 10-12 | 13-15 | 16-18 || total
-------------------------+-------+-------+-------+-------+-------+-------++-------
Melee: Unarmed           |     4 |    20 |    47 |   144 |   235 |     6 ||   456
       Bite              |       |     4 |    11 |    31 |    39 |     1 ||    86
       Punch             |       |       |     1 |    12 |    31 |       ||    44
       Headbutt          |       |       |       |       |     5 |       ||     5
Invok: Berserk           |     1 |       |     3 |     8 |     9 |       ||    21
       Trog's Hand       |       |       |     3 |    13 |    17 |       ||    33
       Brothers in Arms  |       |       |       |     5 |    16 |       ||    21
       Burn Spellbooks   |       |       |       |     1 |     3 |       ||     4
 Abil: Evoke Flight      |       |       |       |       |    13 |     1 ||    14
Evoke: Wand              |       |       |       |       |     5 |       ||     5
  Use: Potion            |       |       |     2 |    13 |    56 |     2 ||    73
       Scroll            |       |       |     1 |     4 |    18 |       ||    23
 Stab: Sleeping          |       |     5 |     8 |    10 |    19 |       ||    42
       Distracted        |       |       |       |     1 |     1 |       ||     2
  Eat: Chunk             |       |       |     2 |     7 |    19 |       ||    28
       Meat ration       |       |       |       |     3 |     2 |       ||     5
       Beef jerky        |       |       |       |       |     2 |       ||     2
Armor: Skin              |       |     1 |     5 |     2 |     8 |       ||    16
Dodge: Dodged            |       |     6 |    63 |   134 |   280 |    10 ||   493
